 Dungeon Crawl Stone Soup version 0.31-a0-1529-g7bd419a0e5 (webtiles) character file.

Game seed: 18411659898493864634

6457 graki42 the Covert (level 10, -1/106 HPs)
             Began as an Octopode Shapeshifter on Dec 31, 2023.
             Was a Believer of Uskayaw.
             Constricted to death by Erica (3 damage)
             ... on level 9 of the Dungeon.
             The game lasted 00:23:05 (8799 turns).

graki42 the Covert (Octopode Shapeshifter)          Turns: 8799, Time: 00:23:06

Health: -1/106     AC:  1    Str: 13    XL:     10   Next: 99%
Magic:  0/18       EV: 11    Int: 17    God:    Uskayaw [**....]
Gold:   528        SH:  0    Dex: 12    Spells: 20/20 levels left

rFire   + .          .
                       - Unarmed
rCold   + . .        (no shield)
rNeg    . . .        (helmet currently unavailable)
rPois   .            i - amulet of guardian spirit
rElec   .            d - ring of protection from fire
rCorr   +            e - ring of protection from cold
SInv    +            k - ring of resist corrosion
Will    .....        B - ring of see invisible Stlth
                     (no ring)
HPRegen 0.37/turn    (no ring)
MPRegen 0.16/turn    (no ring)
                     (no ring)

%: guardian spirit
@: berserking, lethally poisoned (-1 -> -13), beast-form, constricted, very
quick
A: beast (slay +4), almost no armour, amphibious, 8 rings, camouflage 1,
gelatinous body 1, (nimble swimmer 1), tentacles
a: Begin Untransformation, Renounce Religion, Stomp, Line Pass


You were on level 9 of the Dungeon.
You worshipped Uskayaw.
Uskayaw was noncommittal.
You were a hulking beast.
You visited 2 branches of the dungeon, and saw 10 of its levels.

You collected 528 gold pieces.

Inventory:

Missiles
 z - a throwing net
Jewellery
 d - a ring of protection from fire (left tentacle)
 e - a ring of protection from cold (right tentacle)
 i - an amulet of guardian spirit (around mantle)
 k - a ring of resist corrosion (on tentacle)
 v - an amulet of magic regeneration
 B - a ring of see invisible (on tentacle)
Talismans
 b - a beast talisman
 c - a flux talisman
Wands
 t - a wand of mindburst (13)
 u - a wand of charming (18)
 w - a wand of quicksilver (12)
Scrolls
 a - a scroll of vulnerability {unknown}
 g - a scroll of silence {unknown}
 h - a scroll of immolation {unknown}
 j - 2 scrolls of revelation {unknown}
 m - a scroll of poison
 n - a scroll of blinking {unknown}
 o - a scroll of butterflies
 p - 3 scrolls of fear {unknown}
 q - a scroll of noise {unknown}
 r - 2 scrolls of teleportation {unknown}
 y - a scroll of torment {unknown}
Potions
 f - 4 potions of invisibility
 l - a potion of resistance
 s - a potion of degeneration {unknown}
 x - a potion of mutation
 C - a potion of heal wounds
 D - a potion of enlightenment {unknown}


   Skills:
 + Level 7.4 Fighting
 - Level 4.0 Dodging
 + Level 10.4 Stealth
 + Level 7.9 Unarmed Combat
 + Level 5.5 Spellcasting
 + Level 7.4 Shapeshifting


You had 20 spell levels left.
You didn't know any spells.
Your spell library was empty.

Dungeon Overview and Level Annotations

Branches:
Dungeon (9/15)             Temple (1/1) D:6
   Lair: D:8-11         Orc: D:9-12

Altars:
Ashenzari
Cheibriados
Dithmenos
Elyvilon
Fedhas
Gozag
Hepliaklqana
Kikubaaqudgha
Makhleb
Nemelex Xobeh
Okawaru
Qazlal
Ru
Sif Muna
Trog
Uskayaw
Vehumet
Wu Jian
Xom
Yredelemnul
Zin
The Shining One

Shops:
D:1 (!*[(   D:2 [   D:5 *

Annotations:
D:9 Erica, Grum


Innate Abilities, Weirdness & Mutations

You are a hulking beast.
Your limbs bulge with bestial killing power. (Slay +4)
You cannot wear most types of armour.
You are amphibious.
You can wear up to eight rings at the same time.
Your skin changes colour to match your surroundings (Stealth+).
Your rubbery body absorbs attacks. (AC +1, EV +1)
((You are camouflaged when in or above water. (Stealth+)))
You have tentacles for arms and can constrict up to eight enemies at once.


Message History

The wolf attacks as it pursues you! The wolf closely misses you.
The wolf misses you.
You see here a book of Spectacle.
A red film seems to cover your vision as you go berserk!
You feel yourself moving faster!
You feel mighty!
The wolf howls!
The wolf closely misses you.
Erica stares at you and mumbles some strange words.
The bolt of poison hits you!!
You are poisoned.
A two-headed ogre comes into view. It is wielding two +0 giant clubs.
The wolf misses you.
The two-headed ogre shouts in stereo!
You feel a strong urge to attack something.
You feel very sick. The wolf barely misses you.
You can no longer pass through a line of other dancers.
You miss Erica. You grab Erica. You constrict Erica.
You feel sick.
Erica hits you with a +4 scimitar of flaming!
Erica burns you. Erica grabs you. Erica constricts you. The wolf bites you.
The wolf barely misses you.
You batter Erica!!
Erica is moderately wounded.
You constrict Erica, but do no damage.
You feel very sick. The wolf bites you! x2
* * * LOW HITPOINT WARNING * * *
The wolf bites you!
* * * LOW HITPOINT WARNING * * *
You can now pass through a line of other dancers.
You bludgeon Erica!
Erica is heavily wounded.
You constrict Erica.
You feel sick.
Erica hits you with a +4 scimitar of flaming!!
* * * LOW HITPOINT WARNING * * *
Erica burns you.
* * * LOW HITPOINT WARNING * * *
Erica constricts you.
You die...
Erica begins burbling mirthfully and uncontrollably.

.........(......
..(.......o......
...........o.....
................# ....
#...g§≈§..# #....
....###...≈≈≈..# #....
......#.h..≈≈≈..## ##....
.......hho.......###.....
....O..xhh...............
.........................
.........................
...).....................
......†................##
#.....................##
##..).................#
##..............§....##
##.............≈≈≈...##


You could see Erica (reflecting), a two-headed ogre, Grum, an orc warrior, 4
wolves and 2 orcs.

Vanquished Creatures
  Pikel (D:7)
  Grinder (D:6)
  A hornet (D:9)
  Sigmund (D:2)
  3 wyverns
  Menkaure (D:5)
  Duvessa (D:4)
  A hornet zombie (D:7)
  2 ogres
  3 ice beasts
  2 centaurs (D:9)
  2 phantoms
  A lemure (D:7)
  4 kobold brigands
  9 bullfrogs
  3 scorpions
  4 wyvern zombies (D:7)
  Dowan (D:4)
  23 wights
  3 killer bees (D:8)
  A howler monkey (D:9)
  3 electric eels (D:6)
  2 centaur zombies (D:7)
  4 bullfrog zombies (D:7)
  3 jellies
  5 hounds
  2 orc priests
  2 sleepcaps (D:6)
  A gnoll bouda (D:6)
  Natasha (thrice) (D:2)
  2 iguanas
  5 killer bee zombies (D:7)
  4 howler monkey zombies (D:7)
  8 gnolls
  6 adders
  A shadow imp (D:6)
  2 white imps
  4 ufetubi (D:6)
  2 dart slugs
  2 ribbon worms (D:2)
  29 orcs
  5 endoplasms
  A giant cockroach (D:2)
  4 goblins
  7 hobgoblins
  4 quokkas
  10 ball pythons
  11 bats
  6 frilled lizards
  28 kobolds
  5 rats
239 creatures vanquished.

Notes
Turn   | Place    | Note
-------+----------+-------------------------------------------
     0 | D:1      | graki42 the Octopode Shapeshifter began the quest for the
                  | Orb.
     0 | D:1      | Reached XP level 1. HP: 13/13 MP: 1/1
    32 | D:1      | Found Vaeh's Antique Weapon Emporium.
    51 | D:1      | Found Agukism's Assorted Antiques.
   124 | D:1      | Reached XP level 2. HP: 16/18 MP: 2/2
   143 | D:1      | Reached skill level 1 in Stealth
   153 | D:1      | Found Vim Tuz's Antique Armour Boutique.
   198 | D:1      | Found Wehoufekk's Distillery.
   342 | D:1      | Reached XP level 3. HP: 23/23 MP: 3/3
   418 | D:1      | Found Kiffoic's Antique Weapon Shoppe.
   822 | D:2      | Noticed Natasha
   831 | D:2      | Killed Natasha
   832 | D:2      | Reached skill level 2 in Stealth
   832 | D:2      | Reached XP level 4. HP: 29/29 MP: 4/4
   860 | D:2      | Found Qyeblum's Antique Armour Shoppe.
   897 | D:2      | Noticed Natasha
   901 | D:2      | Killed Natasha
   924 | D:2      | Noticed Sigmund
   933 | D:2      | Killed Sigmund
   934 | D:2      | Reached skill level 3 in Stealth
   934 | D:2      | Reached XP level 5. HP: 19/35 MP: 5/5
   934 | D:2      | Reached XP level 6. HP: 22/41 MP: 6/6
  1177 | D:2      | Noticed Natasha
  1187 | D:2      | Killed Natasha
  2297 | D:4      | Reached skill level 4 in Stealth
  2297 | D:4      | Reached XP level 7. HP: 46/46 MP: 7/7
  2676 | D:4      | Noticed Dowan
  2677 | D:4      | Noticed Duvessa
  2684 | D:4      | Killed Duvessa
  2689 | D:4      | Killed Dowan
  2690 | D:4      | Reached skill level 5 in Stealth
  2923 | D:5      | Entered Level 5 of the Dungeon
  2927 | D:5      | Noticed Menkaure
  2932 | D:5      | Killed Menkaure
  2933 | D:5      | Reached XP level 8. HP: 6/54 MP: 8/8
  3187 | D:5      | Reached skill level 5 in Unarmed Combat
  3483 | D:5      | Found Sizeri's Overcharged Wands.
  3544 | D:5      | Reached skill level 1 in Spellcasting
  3804 | D:6      | Reached skill level 5 in Shapeshifting
  3887 | D:6      | Reached skill level 6 in Stealth
  3897 | D:6      | Noticed Grinder
  3992 | D:6      | Killed Grinder
  4379 | D:6      | Reached skill level 5 in Fighting
  4379 | D:6      | Reached XP level 9. HP: 51/61 MP: 9/12
  4431 | D:6      | Reached skill level 7 in Stealth
  4517 | D:6      | Found a broken altar of Ashenzari.
  5353 | D:6      | Found a staircase to the Ecumenical Temple.
  5360 | Temple   | Entered the Ecumenical Temple
  5386 | Temple   | Became a worshipper of Uskayaw the Reveller
  5415 | D:6      | Reached * piety under Uskayaw
  5457 | D:6      | Reached ** piety under Uskayaw
  6062 | D:7      | Reached *** piety under Uskayaw
  6063 | D:7      | Reached skill level 8 in Stealth
  6064 | D:7      | Reached **** piety under Uskayaw
  6322 | D:7      | Reached ***** piety under Uskayaw
  6493 | D:7      | Reached XP level 10. HP: 60/68 MP: 13/16
  6726 | D:7      | Reached skill level 9 in Stealth
  7303 | D:7      | Noticed Pikel
  7331 | D:7      | Killed Pikel
  7344 | D:7      | Reached ****** piety under Uskayaw
  7845 | D:8      | Reached skill level 5 in Spellcasting
  8008 | D:8      | Reached skill level 10 in Stealth
  8789 | D:9      | Noticed Erica
  8793 | D:9      | Noticed Grum
  8795 | D:9      | Noticed a two-headed ogre
  8799 | D:9      | HP: 2/106 [Erica/+4 scimitar of flaming (4)]
  8799 | D:9      | Constricted to death by Erica

Illustrated notes

Levels and vault maps discovered:
D:1:      roadster_arrival_rocket_small, layout_loops_ring, serial_shops,
          nicolae_shop_pleasant_corner_grove, nicolae_shop_just_a_little_nook,
          nicolae_shop_stone, nicolae_shop_industrial_runoff, shop,
          nicolae_titane
D:2:      layout_rooms, serial_shops, shop, uniq_sigmund, uniq_natasha
D:3:      layout_basic
D:4:      layout_cave_pools, uniq_duvessa
D:5:      layout_basic, nicolae_shop_overcharged_wands, uniq_menkaure
D:6:      layout_layer_cave, cheibrodos_ashenzari_chains,
          minmay_temple_entry_hall, serial_bayou_lake_a, uniq_grinder
D:7:      layout_loops_ring, serial_undead, serial_undead_d, serial_undead_f,
          serial_undead_e, serial_undead_a, serial_undead_a, serial_undead_a,
          serial_undead_e, serial_undead_d, uniq_pikel
D:8:      layout_rooms
D:9:      layout_big_octagon, david_lair_generic, uniq_erica, uniq_grum
Temple:   nicolae_temple_bog_church

Skill      XL: |  1  2  3  4  5  6  7  8  9 10 |
---------------+-------------------------------+-----
Stealth        | 1 2 3 4 5 6 8 10 | 10.4
Fighting       | 2 3 5 6 7 |  7.4
Dodging        | 3 4 |  4.0
Unarmed Combat | 4 5 6 7 |  7.9
Shapeshifting  | 4 5 6 7 |  7.4
Spellcasting   | 2 4 5 |  5.5

Action                     |  1- 3 |  4- 6 |  7- 9 | 10-12 || total
---------------------------+-------+-------+-------+-------++-------
  Melee: Unarmed           |    54 |    81 |   242 |   207 ||   584
         Tentacles         |     7 |    17 |    76 |    57 ||   157
         Constrict         |     7 |    19 |    62 |    42 ||   130
         Punch             |       |     4 |    14 |    20 ||    38
    Use: Scroll            |       |       |     4 |     5 ||     9
         Potion            |       |       |     2 |     7 ||     9
   Stab: Sleeping          |     9 |    13 |    10 |     8 ||    40
         Paralysed         |       |       |     6 |    12 ||    18
         Distracted        |       |       |       |     1 ||     1
 Armour: Skin              |    21 |    22 |   110 |   230 ||   383
  Dodge: Dodged            |    42 |    43 |   166 |   157 ||   408

Table legend: (Time is in decaauts)
 A = Elapsed time spent in this place.
 B = Non-inter-level travel time spent in this place.
 C = Inter-level travel time spent in this place.
 D = Time resting spent in this place.
 E = Time spent auto-exploring this place.
 F = Levels seen in this place.
 G = Mean time per level.
                   A        B        C        D        E       F      G
               +--------+--------+--------+--------+--------+-----+--------+
         Total |   8738 |   8583 |    155 |   1481 |   5630 |  10 |  873.8 |
       Dungeon |   8690 |   8557 |    133 |   1481 |   5630 |   9 |  965.6 |
        Temple |     48 |     26 |     22 |      0 |      0 |   1 |   48.0 |
               +--------+--------+--------+--------+--------+-----+--------+

Top non-repeatable levels by time:
     D:6: 2254 daAuts
     D:7: 1737 daAuts
     D:3: 917 daAuts
     D:1: 813 daAuts
     D:5: 806 daAuts
     D:4: 637 daAuts
     D:8: 591 daAuts
     D:2: 539 daAuts
     D:9: 392 daAuts
  Temple: 48 daAuts
